 Dungeon Crawl Stone Soup version bcrawl-1.12.2 (webtiles) character file.

Game seed: 10139443637079511670

27 Chiseanne the Skirmisher (level 3, -2/39 HPs)
             Began as an Ogre Archaeologist on July 22, 2019.
             Slain by a leopard gecko (4 damage)
             ... on level 1 of the Dungeon.
             The game lasted 00:01:00 (649 turns).

Chiseanne the Skirmisher (Ogre Archaeologist)        Turns: 649, Time: 00:01:01

Health: -2/39      AC:  5    Str: 15    XL:     3   Next: 10%
Magic:  3/3        EV: 10    Int: 15    God:
Gold:   29         SH:  0    Dex:  8    Spells: 2/2 levels left

rFire    . . .     SeeInvis .   j - +0 short sword
rCold    . . .     Gourm    .   (no shield)
rNeg     . . .     Faith    .   b - +1 robe
rPois    +         Spirit   .   c - +1 hat
rElec    .         Reflect  .   (no cloak)
rCorr    .         Harm     .   (gloves unavailable)
MR       .....     Clarity  +   (boots unavailable)
Stlth    ++........             (no amulet)
HPRegen  0.13/turn              (no ring)
MPRegen  0.08/turn              (no ring)

@: studying Polearms
A: large, unfitting armour, talons 1, clarity, poison resistance, tough skin 1
a: no special abilities


You were on level 1 of the Dungeon.
You were not hungry.

You visited 1 branch of the dungeon, and saw 1 of its levels.

You collected 29 gold pieces.

Inventory:

Hand Weapons
 j - a +0 short sword (weapon)
Missiles
 i - 115 sling bullets
 k - 81 arrows
 l - 151 poisoned needles
Armour
 b - a +1 robe (worn)
 c - a +1 hat (worn)
 d - a +1 robe
Scrolls
 a - a scroll of enchant weapon {unknown}
 m - 2 scrolls of remove curse {unknown}
 n - a scroll of identify {unknown}
Books
 e - a manual of Polearms
Miscellaneous
 f - an ancient crate
Comestibles
 g - 2 rations {!d}


   Skills:
 - Level 3.9 Fighting
   Level 1.2 Maces & Flails
 + Level 0.5 Polearms
 - Level 2.6 Dodging
 - Level 2.4 Stealth


You had 2 spell levels left.
You didn't know any spells.
Your spell library was empty.

Dungeon Overview and Level Annotations

Branches:
Dungeon (1/12)

Altars:


Innate Abilities, Weirdness & Mutations

You are too large for most types of armour.
You have tough skin. (AC +1)
You have sharp toenails.
You possess an exceptional clarity of mind.
Your system is resistant to poisons. (rPois)


Message History

The kobold hits you with a +0 short sword.
* * * LOW HITPOINT WARNING * * *
You barely miss the kobold. The kobold closely misses you.
You hit the kobold.
You kill the kobold!
You miss the goblin. The goblin barely misses you.
You miss the goblin. The goblin completely misses you. The goblin hits you.
* * * LOW HITPOINT WARNING * * *
You barely miss the goblin. The goblin closely misses you.
You hit the goblin.
You kill the goblin!
You barely miss the leopard gecko. The leopard gecko bites you.
* * * LOW HITPOINT WARNING * * *
The leopard gecko barely misses you.
It was a potion of mutation.
You feel extremely strange.
You feel resistant to poisons.
Your thoughts seem clearer.
Your toenails lengthen and sharpen.
The leopard gecko bites you but does no damage.
You barely miss the leopard gecko. The leopard gecko bites you.
You die...

.....# ##.#.#.#
#..#..††.. ####.#
....#.### #........#
###.# #.#.....#
#......... ##...#
.###.#.#.#.####.#......
######
...............#.#.###.
## #.....#.####.#......
8#
..#####.....###.###.#.##
.# ........######.##
##.## 8# .######@#
##.###.## ## #l# ##.#.##
# ... ##.## ..... #.#
....... ..# #..>....#
#..# #....>..# #..#
#.......# ..#. #. #


You could see a leopard gecko.

Vanquished Creatures
  An ooze (D:1)
  4 leopard geckos (D:1)
  4 bats (D:1)
  3 goblins (D:1)
  2 kobolds (D:1)
  A quokka (D:1)
  A frilled lizard (D:1)
  2 rats (D:1)
18 creatures vanquished.

Notes
Turn   | Place    | Note
-------+----------+-------------------------------------------
     0 | D:1      | Chiseanne the Ogre Archaeologist began the quest for the
                  | Orb.
     0 | D:1      | Reached XP level 1. HP: 19/19 MP: 1/1
   112 | D:1      | Reached skill level 2 in Fighting
   388 | D:1      | Reached XP level 2. HP: 25/29 MP: 2/2
   479 | D:1      | Reached skill level 3 in Fighting
   617 | D:1      | Reached XP level 3. HP: 32/39 MP: 3/3
   648 | D:1      | Gained mutation: Your system is resistant to poisons.
                  | (rPois) [potion of mutation]
   648 | D:1      | Gained mutation: You possess an exceptional clarity of
                  | mind. [potion of mutation]
   648 | D:1      | Gained mutation: You have sharp toenails. [potion of
                  | mutation]
   649 | D:1      | Slain by a leopard gecko

Skill      XL: |  1  2 |
---------------+-------+-----
Fighting       | 2 3 |  3.9
Maces & Flails | |  1.2
Polearms       | |  0.5
Dodging        | |  2.6
Stealth        | |  2.4

Action                   || total
-------------------------++-------
Melee: Short sword       ||   103
       Whip              ||    14
  Use: Potion            ||     1
 Stab: Sleeping          ||     1
Armor: Robe              ||    58
Dodge: Dodged            ||    72
